 Dungeon Crawl Stone Soup version 0.23-a0-208-gb6b040f (webtiles) character file.

2204 PurpleRed the Grappler (level 9, -1/64 HPs)
             Began as an Octopode Wanderer on May 3, 2018.
             Was an Initiate of Okawaru.
             Slain by a hippogriff (3 damage)
             ... on level 7 of the Dungeon on Sept 24, 2018.
             The game lasted 00:37:40 (9630 turns).

PurpleRed the Grappler (Octopode Wanderer)          Turns: 9630, Time: 00:37:41

Health: -1/64      AC:  1    Str: 15    XL:     9   Next: 34%
Magic:  9/9        EV: 12    Int: 13    God:    Okawaru [......]
Gold:   347        SH:  6    Dex: 12    Spells: 8/8 levels left

rFire    . . .     SeeInvis .     - Unarmed
rCold    . . .     Gourm    .   p - +1 buckler
rNeg     . . .     Faith    .   (helmet restricted)
rPois    .         Spirit   .   (no amulet)
rElec    .         Reflect  .   i - ring of resist corrosion
rCorr    +         Harm     .   (no ring)
MR       .....                  (no ring)
Stlth    ++++......             (no ring)
HPRegen  0.20/turn              (no ring)
MPRegen  0.11/turn              (no ring)
                                (no ring)
                                (no ring)

@: no status effects
A: almost no armour, stealthy swim, amphibious, 8 rings, constrict 8, camouflage
1, gelatinous body 1
a: Renounce Religion


You were on level 7 of the Dungeon.
You worshipped Okawaru.
Okawaru was noncommittal.
You were not hungry.

You visited 2 branches of the dungeon, and saw 8 of its levels.
You also visited: Sewer.

You collected 444 gold pieces.
You spent 97 gold pieces at shops.

Inventory:

Hand Weapons
 a - a +2 shortbow
 s - a +1 hunting sling of flaming
 u - a +2 quarterstaff of chaos
 B - a +1 whip of flaming
Missiles
 b - 168 arrows
 h - 54 bolts
 j - 10 tomahawks (quivered)
 o - 31 poisoned needles
 t - 95 stones
 y - a throwing net
Armour
 p - a +1 buckler (worn)
Jewellery
 i - a ring of resist corrosion (left tentacle)
Wands
 l - a wand of digging (9)
 A - a wand of polymorph (8)
Scrolls
 d - a scroll of immolation
 k - 4 scrolls of remove curse
 m - 6 scrolls of teleportation
 q - a scroll of blinking
 v - a scroll of brand weapon
Potions
 c - a potion of resistance
 e - 4 potions of cancellation
 n - a potion of brilliance
 r - 4 potions of flight
 w - a potion of magic
 z - a potion of mutation
Comestibles
 f - 10 rations
 g - 3 chunks of flesh


   Skills:
 + Level 7.3 Fighting
   Level 1.0 Axes
 - Level 3.0 Bows
 - Level 4.4 Stealth
 - Level 4.1 Shields
 + Level 9.0 Unarmed Combat


You had 8 spell levels left.
You didn't know any spells.
Your spell library contained the following spells:

 Spells                   Type           Power        Failure   Level  Hunger
 Magic Dart               Conj           #...         30%         1    ##.....
 Blink                    Tloc           N/A          43%         2    ###....
 Call Imp                 Summ           #.......     43%         2    ###....
 Slow                     Hex            #.......     43%         2    ###....
 Conjure Flame            Conj/Fire      #.......     67%         3    ####...
 Mephitic Cloud           Conj/Pois/Air  #.......     67%         3    ####...


Dungeon Overview and Level Annotations

Branches:
Dungeon (7/15)             Temple (1/1) D:7

Altars:
Ashenzari
Cheibriados
Dithmenos
Elyvilon
Fedhas
Gozag
Hepliaklqana
Kikubaaqudgha
Makhleb
Nemelex Xobeh
Okawaru
Qazlal
Ru
Sif Muna
Trog
Uskayaw
Vehumet
Wu Jian
Xom
Yredelemnul
Zin
The Shining One

Shops:
D:4 ?


Innate Abilities, Weirdness & Mutations

You cannot wear most types of armour.
You are very stealthy in the water. (Stealth+)
You are amphibious.
You can wear up to eight rings at the same time.
You can use your tentacles to constrict eight enemies at once.
Your skin changes colour to match your surroundings (Stealth+).
Your rubbery body absorbs attacks. (AC +1, EV +1)


Message History

The hippogriff closely misses you. The hippogriff pecks you!
The hippogriff closely misses you.
You tentacle-slap the hippogriff but do no damage.
The hippogriff is heavily wounded.
You tentacle-slap the hippogriff. You squeeze the hippogriff!
The hippogriff is severely wounded.
You block the hippogriff's attack. The hippogriff closely misses you.
The hippogriff misses you.
You barely miss the hippogriff. Your squeeze misses the hippogriff.
The hippogriff is severely wounded.
The hippogriff bites you. The hippogriff pecks you! The hippogriff claws you.
* * * LOW HITPOINT WARNING * * *
You tentacle-slap the hippogriff. You squeeze the hippogriff.
The hippogriff is almost dead.
The hippogriff bites you!
* * * LOW HITPOINT WARNING * * *
The hippogriff pecks you.
* * * LOW HITPOINT WARNING * * *
The hippogriff claws you.
You die...

#.## *#### #.# ##... #.#
*####.).. ##.# *...>...[
######..### *.###....
#.........# ***,* #####
#.........# **,,,*
#.........#######..***
#..........@H.....#****#####
#######.#####..##..,,,,.....
#.#***,,##*******#####
#.#*,,,** # #.#,,*** #..,**
#..** #.,* *,,*


You could see a hippogriff.

Vanquished Creatures
  Grinder (D:3)
  A water moccasin (D:5)
  An orc warrior (D:5)
  2 sky beasts (D:6)
  An ogre (D:4)
  A phantom (D:5)
  A centaur (D:5)
  A bullfrog (D:6)
  3 scorpions
  4 wights (D:6)
  A crimson imp (D:7)
  A quasit (D:5)
  A bullfrog zombie (D:5)
  A bullfrog skeleton (D:4)
  A centaur skeleton (D:5)
  An orc priest (D:5)
  Crazy Yiuf (D:2)
  A gnoll shaman (D:4)
  4 hounds
  A jelly (D:5)
  2 iguanas
  A merfolk avatar (Sewer)
  2 orc wizards
  2 merfolk sirens (Sewer)
  A hound zombie (D:5)
  A hound skeleton (D:7)
  7 gnolls
  3 river rats (Sewer)
  12 adders
  2 shadow imps (D:6)
  An ooze (D:3)
  An adder skeleton (D:6)
  7 worms
  A dart slug (D:3)
  4 leopard geckos
  22 orcs
  5 ball pythons
  4 bats
  9 giant cockroaches
  10 goblins
  6 hobgoblins
  14 jackals
  4 kobolds
  4 quokkas
  8 frilled lizards
  A quokka zombie (D:5)
  30 rats
  2 fungi (D:2)
195 creatures vanquished.

Notes
Turn   | Place    | Note
-------+----------+-------------------------------------------
     0 | D:1      | PurpleRed the Octopode Wanderer began the quest for the
                  | Orb.
     0 | D:1      | PurpleRed set off with: a +2 shortbow, 24 arrows, a potion
                  | of lignification, a potion of curing, a ration
     0 | D:1      | Reached XP level 1. HP: 17/17 MP: 1/1
   278 | D:1      | Reached skill level 1 in Unarmed Combat
   315 | D:1      | Reached XP level 2. HP: 22/22 MP: 2/2
   644 | D:1      | Reached skill level 2 in Unarmed Combat
  1061 | D:1      | Reached XP level 3. HP: 8/27 MP: 3/3
  1731 | D:2      | Reached skill level 3 in Unarmed Combat
  2057 | D:2      | Found a runed door.
  2061 | D:2      | Noticed Crazy Yiuf
  2065 | D:2      | Killed Crazy Yiuf
  2065 | D:2      | Reached XP level 4. HP: 33/33 MP: 4/4
  2140 | D:2      | Reached skill level 4 in Unarmed Combat
  2865 | D:3      | Reached XP level 5. HP: 37/37 MP: 5/5
  3577 | D:3      | Noticed Grinder
  3596 | D:3      | Killed Grinder
  3596 | D:3      | Reached skill level 6 in Unarmed Combat
  3596 | D:3      | Reached XP level 6. HP: 21/43 MP: 6/6
  3933 | D:4      | Found Hitydiaqui's Magic Scroll Shop.
  3949 | D:4      | Bought a scroll of blinking for 97 gold pieces
  4020 | D:4      | Found a glowing drain.
  4091 | Sewer    | Entered a sewer
  4236 | Sewer    | Reached XP level 7. HP: 22/48 MP: 7/7
  5374 | D:4      | Found a basalt altar of Yredelemnul.
  5586 | D:5      | Entered Level 5 of the Dungeon
  5812 | D:5      | Reached skill level 7 in Unarmed Combat
  5812 | D:5      | Reached XP level 8. HP: 31/54 MP: 8/8
  6093 | D:5      | Reached skill level 5 in Fighting
  6568 | D:5      | Found a hazy altar of Hepliaklqana.
  6890 | D:5      | Reached skill level 8 in Unarmed Combat
  7919 | D:6      | Reached XP level 9. HP: 24/63 MP: 9/9
  8134 | D:6      | Noticed a gargoyle
  9190 | D:7      | Found a staircase to the Ecumenical Temple.
  9200 | Temple   | Entered the Ecumenical Temple
  9441 | Temple   | Became a worshipper of Warmaster Okawaru
  9545 | D:6      | Noticed a rust devil
  9545 | D:6      | Noticed a rust devil
  9558 | D:7      | Reached skill level 9 in Unarmed Combat
  9630 | D:7      | HP: 2/64 [hippogriff (6)]
  9630 | D:7      | Slain by a hippogriff

Vault maps used:
D:1:      dpeg_arrival_circle_labyrinth_c, corexii_item_surrounded_by_moat,
          minmay_crystal_water, minmay_fountain_box, minmay_pentomino_t2
D:2:      minmay_door_path, uniq_crazy_yiuf_cottage
D:3:      uniq_grinder
D:4:      first_ration, cheibrodos_sewer_entry_drain, serial_shops, shop,
          yredelemnul_altar_generic
D:5:      minmay_diamond_boxcup, lemuel_coloured_pillars_altar
D:6:      cheibrodos_iron_armory, corexii_leaking_fountain
D:7:      temple_green
Temple:   grunt_wide_crystal_templ
Sewer:    sewer_sea

Skill      XL: |  1  2  3  4  5  6  7  8  9 |
---------------+----------------------------+-----
Unarmed Combat | 1 2 3 4 6 7 8 9 |  9.0
Stealth        | 2 4 |  4.4
Shields        | 3 4 |  4.1
Fighting       | 6 7 |  7.3
Axes           | |  1.0
Bows           | |  3.0

Action                   |  1- 3 |  4- 6 |  7- 9 || total
-------------------------+-------+-------+-------++-------
Melee: Unarmed           |    75 |   127 |   261 ||   463
       Constrict         |    17 |    32 |    55 ||   104
       Tentacles         |    13 |    31 |    53 ||    97
       Punch             |     3 |     7 |    15 ||    25
       Whip              |       |       |     9 ||     9
 Fire: Shortbow          |    11 |    16 |    53 ||    80
Throw: Tomahawk          |     2 |       |     3 ||     5
  Use: Scroll            |     1 |     8 |     8 ||    17
       Potion            |       |     1 |     5 ||     6
 Stab: Sleeping          |     6 |     7 |    14 ||    27
       Distracted        |     1 |       |       ||     1
  Eat: Chunk             |     3 |     7 |    17 ||    27
Armor: Skin              |     7 |     3 |    12 ||    22
Dodge: Dodged            |    29 |    45 |   107 ||   181
Block: Buckler           |     3 |     3 |    19 ||    25

Table legend:
 A = Non-vault XP
 B = Vault XP
 C = Vault XP percentage of total XP
 D = Non-vault monster count
 E = Vault monster count
 F = Vault count percentage of total count
                 A         B        C        D         E       F
            +---------+---------+-------+---------+---------+-------
      Total |    2231 |     918 |  29.2 |     135 |      58 |  30.1
            +---------+---------+-------+---------+---------+-------
        D:1 |      29 |       2 |   6.5 |      15 |       1 |   6.2
        D:2 |      67 |      46 |  40.7 |      23 |       3 |  11.5
        D:3 |      89 |     304 |  77.4 |      30 |       1 |   3.2
        D:4 |     320 |       3 |   0.9 |      15 |       3 |  16.7
        D:5 |     577 |     359 |  38.4 |      18 |       9 |  33.3
        D:6 |     779 |       0 |   0.0 |      18 |       0 |   0.0
        D:7 |     370 |       0 |   0.0 |      16 |       0 |   0.0
      Sewer |       0 |     204 | 100.0 |       0 |      41 | 100.0
            +---------+---------+-------+---------+---------+-------
